 Dungeon Crawl Stone Soup version 0.24-a0-736-g4e6fe308c7 (webtiles) character file.

Game seed: 3652328428837720947, levelgen mode: deterministic

173 Oninnaise the Chopper (level 5, -2/41 HPs)
             Began as a Demonspawn Chaos Knight on Oct 2, 2019.
             Was a Plaything of Xom.
             Slain by a phantom (9 damage)
             ... on level 4 of the Dungeon.
             The game lasted 00:06:35 (3943 turns).

Oninnaise the Chopper (Demonspawn Chaos Knight)     Turns: 3943, Time: 00:06:35

Health: -2/41      AC:  9    Str: 13    XL:     5   Next: 28%
Magic:  5/5        EV: 10    Int: 13    God:    Xom [..*...]
Gold:   125        SH:  0    Dex: 13    Spells: 4/4 levels left

rFire    . . .     SeeInvis .   a - +0 hand axe (chaos)
rCold    . . .     Gourm    .   (no shield)
rNeg     . . .     Faith    .   b - +2 leather armour
rPois    .         Spirit   .   (helmet restricted)
rElec    .         Reflect  .   k - +0 cloak
rCorr    .         Harm     .   (no gloves)
MR       .....                  (no boots)
Stlth    +.........             (no amulet)
HPRegen  0.13/turn              (no ring)
MPRegen  0.09/turn              (no ring)

@: heavily drained
A: antennae 1, slimy green scales 2, powered by death 1
a: Renounce Religion


You were on level 4 of the Dungeon.
You worshipped Xom.
You were a toy of Xom.
You were not hungry.

You visited 1 branch of the dungeon, and saw 4 of its levels.

You collected 125 gold pieces.

Inventory:

Hand Weapons
 a - a +0 hand axe of chaos (weapon)
 o - a +6 rapier
 p - a +2 war axe of electrocution
Armour
 b - a +2 leather armour (worn)
 k - a +0 cloak (worn)
 l - a +0 plate armour
Jewellery
 e - an uncursed amulet of magic regeneration {unknown}
 j - an uncursed ring of stealth
Scrolls
 d - a scroll of noise {unknown}
 f - 2 scrolls of fog
 g - 2 scrolls of identify
 h - a scroll of fear
 m - a scroll of amnesia {unknown}
Potions
 i - a potion of brilliance
Comestibles
 c - 5 rations


   Skills:
 - Level 3.2(1.8) Fighting
 + Level 5.3(3.9) Axes
 - Level 1.8(0.5) Armour
 - Level 0.9(0.0) Dodging


You had 4 spell levels left.
You didn't know any spells.
Your spell library contained the following spells:

 Spells                   Type           Power        Failure   Level  Hunger
 Confusing Touch          Hex            #.....       36%         1    ##.....
 Confuse                  Hex            #.......     75%         3    ####...
 Gell's Gravitas          Tloc           #.........   75%         3    ####...
 Petrify                  Tmut/Erth      #.......     98%         4    #####..
 Metabolic Englaciation   Hex/Ice        #.........   100%        5    ######.
 Yara's Violent Unravell  Hex/Tmut       #.........   100%        5    ######.


Dungeon Overview and Level Annotations

Branches:
Dungeon (4/15)
 Temple: D:4-7

Altars:
Dithmenos
Hepliaklqana
Wu Jian


Innate Abilities, Weirdness & Mutations

You have a pair of small antennae on your head.
You are mostly covered in slimy green scales. (AC +3)
You regenerate a little health from kills.


Message History

You miss something. Something hits you.
You barely miss something. Something hits you but does no damage.
Something hits you!
You barely miss something. Something hits you.
A phantom appears from thin air!
Reactivating autopickup.
The phantom barely misses you.
You hit the phantom but do no damage.
The phantom seems to speed up.
The phantom is severely damaged.
The phantom hits you.
You closely miss the phantom.
The phantom is severely damaged.
The phantom hits you!
* * * LOW HITPOINT WARNING * * *
The phantom hits you but does no damage.
You closely miss the phantom.
The phantom is severely damaged.
The phantom hits you!
You die...
Xom cackles wildly!

#.# #.# #.# #### #.#
## ..# #####.##.#
####.###...#.#.#
##.##.##.......##
#......).@W.....#
##.##.##.......#.#
#.###.##.###...#.####
#........# #####.#
#####.#### #.# #.##
#+# #..# ##.# ##.##


You could see a phantom.

Vanquished Creatures
  An orc wizard (D:3)
  A hound zombie (D:3)
  3 adders
  3 oozes
  3 adder skeletons (D:3)
  4 worms
  2 leopard geckos
  4 orcs
  3 bats
  6 giant cockroaches
  4 goblins
  9 hobgoblins
  4 jackals (D:1)
  7 kobolds
  5 frilled lizards
  A jackal skeleton (D:3)
  4 rats
64 creatures vanquished.

Vanquished Creatures (others)
  An adder skeleton (D:4)
1 creature vanquished.

Grand Total: 65 creatures vanquished

Notes
Turn   | Place    | Note
-------+----------+-------------------------------------------
     0 | D:1      | Oninnaise the Demonspawn Chaos Knight began the quest for
                  | the Orb.
     0 | D:1      | Reached XP level 1. HP: 18/18 MP: 1/1
    46 | D:1      | XOM: divination: detect items
   104 | D:1      | XOM: silly message
   245 | D:1      | XOM: harmless Conj miscast
   383 | D:1      | XOM: harmless Conj miscast
   385 | D:1      | Reached skill level 3 in Axes
   387 | D:1      | Gained mutation: You are partially covered in slimy green
                  | scales. (AC +2) [demonic ancestry]
   387 | D:1      | Reached XP level 2. HP: 24/24 MP: 2/2
   430 | D:1      | XOM: harmless Conj miscast
   724 | D:1      | XOM: harmless Erth miscast
   875 | D:2      | XOM: stealth player
   898 | D:2      | Gained mutation: You have a pair of small antennae on your
                  | head. [demonic ancestry]
   898 | D:2      | Reached XP level 3. HP: 29/29 MP: 3/3
   949 | D:2      | Reached skill level 4 in Axes
  1348 | D:2      | Gained mutation: You regenerate a little health from kills.
                  | [demonic ancestry]
  1348 | D:2      | Reached XP level 4. HP: 35/35 MP: 4/4
  1357 | D:2      | XOM: butterfly on damage
  1625 | D:3      | Found a shadowy altar of Dithmenos.
  1750 | D:3      | Reached skill level 5 in Axes
  1752 | D:3      | Gained mutation: You are mostly covered in slimy green
                  | scales. (AC +3) [demonic ancestry]
  1752 | D:3      | Reached XP level 5. HP: 36/41 MP: 5/5
  1757 | D:3      | Found an ornate altar of the Wu Jian Council.
  1826 | D:3      | XOM: silly message
  1861 | D:3      | Found a hazy altar of Hepliaklqana.
  1945 | D:3      | Found a runed translucent door.
  1946 | D:3      | Noticed Crazy Yiuf
  2025 | D:3      | XOM: harmless Necr miscast
  2060 | D:3      | XOM: draining
  2155 | D:3      | Noticed Crazy Yiuf
  2155 | D:3      | Crazy Yiuf changed into Crazy Yiuf the rat
  2155 | D:3      | XOM: polymorph Crazy Yiuf -> Crazy Yiuf the rat
  2157 | D:3      | Killed Crazy Yiuf the rat
  2592 | D:3      | XOM: noise
  3510 | D:3      | XOM: summons 2 hostile demons
  3877 | D:4      | Noticed a phantom
  3882 | D:4      | XOM: harmless Fire miscast
  3890 | D:4      | XOM: confuse monster(s)
  3943 | D:4      | Slain by a phantom

Levels and vault maps discovered:
D:1:      wander_arrival_peaceful_grave, layout_basic
D:2:      layout_basic
D:3:      layout_rooms, grunt_dithmenos_smoke_and_mirrors, old_standard_altar,
          lemuel_round_altar, serial_undead, serial_undead_d, serial_undead_b,
          serial_undead_f, serial_undead_a, uniq_crazy_yiuf_cottage
D:4:      minmay_spotlight, layout_loops_corners, elyvilon_altar_4,
          marbit_many_paths, first_ration

Skill      XL: |  1  2  3  4 |
---------------+-------------+-----
Axes           | 3 4 5 |  5.3
Fighting       | |  3.2
Armour         | |  1.8
Dodging        | |  0.9

Action                   |  1- 3 |  4- 6 || total
-------------------------+-------+-------++-------
Melee: Hand axe          |    92 |   114 ||   206
  Use: Scroll            |     4 |     7 ||    11
       Potion            |       |     7 ||     7
 Stab: Paralysed         |     1 |       ||     1
       Sleeping          |     1 |       ||     1
       Confused          |       |     1 ||     1
  Eat: Ration            |     1 |     2 ||     3
Armor: Leather armour    |    51 |    66 ||   117
Dodge: Dodged            |    91 |    59 ||   150

Table legend:
 A = Non-vault XP
 B = Vault XP
 C = Vault XP percentage of total XP
 D = Non-vault monster count
 E = Vault monster count
 F = Vault count percentage of total count
                 A         B        C        D         E       F
            +---------+---------+-------+---------+---------+-------
      Total |     210 |      38 |  15.3 |      58 |       6 |   9.4
            +---------+---------+-------+---------+---------+-------
        D:1 |      39 |       0 |   0.0 |      22 |       0 |   0.0
        D:2 |      70 |       0 |   0.0 |      19 |       0 |   0.0
        D:3 |      91 |      38 |  29.5 |      15 |       6 |  28.6
        D:4 |      10 |       0 |   0.0 |       2 |       0 |   0.0
            +---------+---------+-------+---------+---------+-------
